 Dungeon Crawl Stone Soup version 0.27-a0-13-g87abb2d9eb (webtiles) character file.

Game seed: 16711756712975510499

382 pkoi the Insei (level 6, 0/42 HPs)
             Began as a Draconian Transmuter on Jan 2, 2021.
             Was a Believer of Ru.
             Killed from afar by an orc wizard (2 damage)
             ... with a magic dart
             ... on level 4 of the Dungeon.
             The game lasted 00:05:15 (4389 turns).

pkoi the Insei (Draconian Transmuter)               Turns: 4389, Time: 00:05:15

Health: 0/42       AC:  2    Str:  9 (12) XL:     6   Next: 47%
Magic:  6/9        EV: 19    Int: 13 (15) God:    Ru [**....]
Gold:   130        SH:  0    Dex: 14 (17) Spells: 6/9 levels left

rFire    . . .     SeeInvis .     - Unarmed
rCold    . . .     Faith    .   (shield currently unavailable)
rNeg     . . .     Spirit   .   (armour unavailable)
rPois    x         Reflect  .   (helmet currently unavailable)
rElec    .         Harm     .   (cloak currently unavailable)
rCorr    .         Rampage  .   (gloves currently unavailable)
Will     .....                  (boots currently unavailable)
Stlth    +.........             (no amulet)
HPRegen  0.14/turn              (no ring)
MPRegen  0.11/turn              (no ring)

@: spider-form, slowed, very slow
A: tiny, unfitting armour, frail 1, AC +6
a: End Transformation, Renounce Religion


You were on level 4 of the Dungeon.
You worshipped Ru.
Ru was pleased with you.
You were a venomous arachnid creature.
You visited 1 branch of the dungeon, and saw 4 of its levels.

You collected 130 gold pieces.

Inventory:

Armour
 b - a +1 pair of boots (melded)
Jewellery
 j - an uncursed ring of protection from cold {unknown}
 k - an uncursed amulet of the acrobat {unknown}
Scrolls
 c - a scroll of enchant armour
 f - a scroll of identify
 h - a scroll of immolation
 i - a scroll of amnesia
Potions
 d - a potion of brilliance {unknown}
 e - a potion of curing {unknown}
 g - a potion of flight


   Skills:
 - Level 1.1 Fighting
 - Level 1.7 Dodging
 + Level 5.1 Unarmed Combat
 - Level 2.0 Spellcasting
 + Level 4.6 Transmutations
 + Level 2.7 Poison Magic


You had 6 spell levels left.
You knew the following spells:

 Your Spells              Type           Power        Failure   Level
b - Spider Form           Tmut/Pois      5%           36%         3

Your spell library contained the following spells:

 Spells                   Type           Power        Failure   Level
 Beastly Appendage        Tmut           26%          12%         1
 Wereblood                Tmut           13%          17%         2
 Ice Form                 Ice/Tmut       7%           86%         4
 Blade Hands              Tmut           6%           87%         5


Dungeon Overview and Level Annotations

Branches:
Dungeon (4/15)
 Temple: D:4-7

Altars:
Cheibriados
Kikubaaqudgha
Makhleb
Nemelex Xobeh
Ru
Xom
Yredelemnul

Shops:
D:4 ?


Innate Abilities, Weirdness & Mutations

((Your plain brown scales are hard. (AC +6)))
You cannot fit into any form of body armour.
You are frail. (-10% HP)
((You are cold-blooded and may be slowed by cold attacks.))


Message History

The orc wizard hits you with a +0 dagger.
Something hits you. The orc wizard completely misses you.
The orc wizard points at you and mumbles some strange words.
The magic dart hits you!
* * * LOW HITPOINT WARNING * * *
You barely miss the orc wizard.
The orc wizard is severely wounded.
The orc wizard misses you. Something hits you.
* * * LOW HITPOINT WARNING * * *
The orc wizard barely misses you. The orc wizard casts a spell at you.
The magic dart hits you.
* * * LOW HITPOINT WARNING * * *
You hear some strange, mumbled words.
Something tries to affect you, but you resist.
You hit the orc wizard.
You kill the orc wizard!
The orc wizard gestures at you while chanting.
The magic dart hits you.
You die...

#.....#.....(.....#
######)....#.....##....#
........<..#.....# #####
...........+......#
...........#......#
...........#......#
........8..#.....##
#+####.o<........
......8.s{8.....
...........#....
.....#..8..#....
###+##.....# ...
(......# ...##+### .....
..... ....


You could see an orc wizard.

Vanquished Creatures
  A scorpion (D:4)
  2 hounds
  A bullfrog skeleton (D:4)
  An orc wizard (D:4)
  2 orc priests
  Terence (D:2)
  7 adders
  2 oozes (D:2)
  A worm (D:2)
  6 dart slugs
  2 leopard geckos
  6 orcs
  7 bats
  5 giant cockroaches
  8 goblins
  7 hobgoblins
  4 jackals (D:3)
  9 kobolds
  A quokka (D:3)
  A ball python (D:2)
  6 frilled lizards
  2 rats
82 creatures vanquished.

Vanquished Creatures (others)
  A kobold (D:1)
1 creature vanquished.

Grand Total: 83 creatures vanquished

Notes
Turn   | Place    | Note
-------+----------+-------------------------------------------
     0 | D:1      | pkoi the Draconian Transmuter began the quest for the Orb.
     0 | D:1      | Reached XP level 1. HP: 16/16 MP: 3/3
   331 | D:1      | Reached XP level 2. HP: 23/23 MP: 5/5
   878 | D:2      | Reached XP level 3. HP: 26/28 MP: 6/6
   882 | D:2      | Learned a level 3 spell: Spider Form
   927 | D:2      | Found a sacrificial altar of Ru.
   989 | D:2      | Became a worshipper of Ru the Awakened
  1049 | D:2      | Noticed Terence
  1066 | D:2      | Killed Terence
  1067 | D:2      | Reached skill level 4 in Unarmed Combat
  1067 | D:2      | Reached XP level 4. HP: 13/35 MP: 7/7
  2481 | D:2      | Reached skill level 1 in Poison Magic
  2696 | D:3      | Reached XP level 5. HP: 25/40 MP: 4/8
  2957 | D:3      | Gained mutation: You are frail. (-10% HP) [Ru sacrifice]
  2957 | D:3      | Reached * piety under Ru
  2957 | D:3      | Reached ** piety under Ru
  2964 | D:3      | Found a sparkling altar of Nemelex Xobeh.
  3664 | D:3      | Found a burning altar of Makhleb.
  3669 | D:3      | Noticed a phantom
  3670 | D:3      | Found a basalt altar of Yredelemnul.
  3670 | D:3      | Found a snail-covered altar of Cheibriados.
  3676 | D:3      | Found an ancient bone altar of Kikubaaqudgha.
  3681 | D:3      | Found a shimmering altar of Xom.
  3953 | D:4      | Reached XP level 6. HP: 31/42 MP: 9/9
  4050 | D:4      | Found Reomi's Magic Scroll Shop.
  4081 | D:4      | Reached skill level 5 in Unarmed Combat
  4388 | D:4      | HP: 2/42 [orc wizard/magic dart (6)]
  4389 | D:4      | Killed from afar by an orc wizard

Illustrated notes

Levels and vault maps discovered:
D:1:      lemuel_arrival_rhombus, layout_rooms, lemuel_flame_loot_1
D:2:      layout_rooms, old_standard_altar, serial_co_window_serial,
          co_window_corner_a, co_window_of_opportunity_a, co_window_corner_a,
          co_window_paths_a, co_window_corner_a, co_window_paths_b,
          co_window_corner_a, co_window_cross_2, co_window_paths_c,
          co_window_broadway_c, co_window_corner_ca, co_window_of_opportunity_b,
          co_window_paths_d, co_window_4corner_b, interstate_on_off,
          uniq_terence
D:3:      layout_loops_ring, lemuel_crystal_altar, minitemple,
          chequers_serial_rivers_small_a, corexii_corridor_pit
D:4:      layout_gridville, lemuel_crystal_altar, serial_shops,
          nicolae_shop_statue_plus, lemuel_statue_altar

Skill      XL: |  1  2  3  4  5  6 |
---------------+-------------------+-----
Transmutations | 3 4 |  4.6
Unarmed Combat | 4 5 |  5.1
Poison Magic   | 1 2 |  2.7
Fighting       | |  1.1
Dodging        | |  1.7
Spellcasting   | |  2.0

Action                   |  1- 3 |  4- 6 || total
-------------------------+-------+-------++-------
Melee: Unarmed           |    87 |   239 ||   326
       Kick              |    10 |     2 ||    12
       Headbutt          |     9 |     2 ||    11
       Tailslap          |     5 |    22 ||    27
       Punch             |       |     3 ||     3
 Cast: Beastly Appendage |     5 |     2 ||     7
       Spider Form       |       |     2 ||     2
Invok: Sacrifice Health  |       |     1 ||     1
  Use: Scroll            |       |     9 ||     9
       Potion            |       |     3 ||     3
 Stab: Sleeping          |     2 |     1 ||     3
Armor: Skin              |    40 |    69 ||   109
Dodge: Dodged            |    63 |   146 ||   209

Table legend: (Time is in decaauts)
 A = Elapsed time spent in this place.
 B = Non-inter-level travel time spent in this place.
 C = Inter-level travel time spent in this place.
 D = Time resting spent in this place.
 E = Time spent auto-exploring this place.
 F = Levels seen in this place.
 G = Mean time per level.
                   A        B        C        D        E       F      G
               +--------+--------+--------+--------+--------+-----+--------+
         Total |   4369 |   4211 |    158 |    975 |   2451 |   4 | 1092.2 |
       Dungeon |   4369 |   4211 |    158 |    975 |   2451 |   4 | 1092.2 |
               +--------+--------+--------+--------+--------+-----+--------+

Top non-repeatable levels by time:
     D:2: 1977 daAuts
     D:3: 1349 daAuts
     D:1: 845 daAuts
     D:4: 196 daAuts
